 Dungeon Crawl Stone Soup version 0.25-a0-38-g099c3e1 (webtiles) character file.

Game seed: 15370737630178928737, levelgen mode: deterministic

79 BoppinsLewinski the Insei (level 4, -3/40 HPs)
             Began as a Draconian Monk on Oct 21, 2019.
             Was a Believer of Cheibriados.
             Slain by a gnoll
             ... wielding a +0 spear
              (5 damage)
             ... on level 2 of the Dungeon.
             The game lasted 00:03:29 (1879 turns).

BoppinsLewinski the Insei (Draconian Monk)          Turns: 1879, Time: 00:03:30

Health: -3/40      AC:  5    Str: 19    XL:     4   Next: 17%
Magic:  4/4        EV: 14    Int: 22    God:    Cheibriados [**....]
Gold:   44         SH:  0    Dex: 19    Spells: 3/3 levels left

rFire    . . .     SeeInvis .     - Unarmed
rCold    . . .     Gourm    .   (no shield)
rNeg     . . .     Faith    .   (armour unavailable)
rPois    .         Spirit   .   (helmet restricted)
rElec    +         Reflect  .   (no cloak)
rCorr    .         Harm     .   (no gloves)
MR       .....                  (no boots)
Stlth    ++........             (no amulet)
HPRegen  0.13/turn              (no ring)
MPRegen  0.09/turn              (no ring)

@: brilliant, very slow
A: unfitting armour, clever 1, electricity resistance, cold-blooded, subdued
magic 1, MP-powered wands, AC +5
a: Bend Time, Renounce Religion


You were on level 2 of the Dungeon.
You worshipped Cheibriados.
Cheibriados was pleased with you.
You were not hungry.

You visited 1 branch of the dungeon, and saw 2 of its levels.

You collected 44 gold pieces.

Inventory:

Scrolls
 c - a scroll of teleportation {unknown}
 e - 3 scrolls of identify {unknown}
 f - a scroll of remove curse {unknown}
Comestibles
 a - 2 rations


   Skills:
 + Level 3.9 Fighting
 + Level 3.2 Dodging
 - Level 1.7 Stealth
 * Level 4.1 Unarmed Combat


You had 3 spell levels left.
You didn't know any spells.
Your spell library was empty.

Dungeon Overview and Level Annotations

Branches:
Dungeon (2/15)

Altars:
Cheibriados


Innate Abilities, Weirdness & Mutations

Your plain brown scales are hard. (AC +5)
You cannot fit into any form of body armour.
You are cold-blooded and may be slowed by cold attacks.
Your mind is acute. (Int +2)
You are resistant to electric shocks. (rElec)
Your spells are a little easier to cast, but a little less powerful.
You expend magic power (3 MP) to strengthen your wands.


Message History

Ye tail-slap tha gnoll, but do nay damage.
Tha gnoll be moderately wounded.
Tha gnoll closely misses ye.
Tha gnoll barely misses ye. x2
Ye completely miss tha gnoll.
Ye tail-slap tha gnoll.
Tha gnoll be moderately wounded.
Tha gnoll closely misses ye.
Tha gnoll hits ye wit' a +0 spear.
* * * LOW HITPOINT WARNIN'
* * * Tha gnoll hits ye from afar wit' a +0 halberd.
* * * LOW HITPOINT WARNIN'
* * * Unknown command.
Ye hit tha gnoll.
Ye tail-slap tha gnoll, but do nay damage.
Tha gnoll be heavily wounded.
Tha gnoll barely misses ye.
Tha gnoll completely misses ye.
Unknown command.
Ye completely miss tha gnoll.
Tha gnoll be heavily wounded.
Tha gnoll hits ye but does nay damage.
Tha gnoll closely misses ye.
Tha gnoll hits ye wit' a +0 spear.
Ye die...

#.##......####....#..#.⌠.#.
#.....###.## ######..##.##.
#####.# #..# #....#..# #.#
##.# ####...## ##.## #^#
######## #...###8# ...#
#.....#^# ...#
#.....#.#######...#
####....g@#((g.gg...#
#.......g##(#####...#
###.......g(..# ##.....
#.........##### ....
#......#.#### ...
#...##†((...# ..
#.(.##(.....# .
#...).......# #...##......#


You could see 3 gnolls.

Vanquished Creatures
  An adder (D:2)
  4 oozes
  A dart slug (D:1)
  2 leopard geckos
  A giant cockroach (D:1)
  11 goblins
  3 hobgoblins (D:1)
  6 jackals
  2 ball pythons
  5 bats
  2 frilled lizards (D:1)
  6 kobolds
  2 rats (D:1)
46 creatures vanquished.

Notes
Turn   | Place    | Note
-------+----------+-------------------------------------------
     0 | D:1      | BoppinsLewinski the Draconian Monk began the quest for the
                  | Orb.
     0 | D:1      | Reached XP level 1. HP: 19/19 MP: 1/1
   400 | D:1      | Reached XP level 2. HP: 19/26 MP: 2/2
   846 | D:1      | Reached XP level 3. HP: 28/33 MP: 3/3
  1166 | D:1      | Found a snail-covered altar of Cheibriados.
  1177 | D:1      | Became a worshipper of Cheibriados the Contemplative
  1177 | D:1      | Reached * piety under Cheibriados
  1177 | D:1      | Reached ** piety under Cheibriados
  1577 | D:2      | Reached skill level 4 in Unarmed Combat
  1692 | D:2      | Reached XP level 4. HP: 33/40 MP: 4/4
  1861 | D:2      | Gained mutation: You expend magic power (3 MP) to
                  | strengthen your wands. [potion of mutation]
  1861 | D:2      | Gained mutation: You are resistant to electric shocks.
                  | (rElec) [potion of mutation]
  1861 | D:2      | Gained mutation: Your spells are a little easier to cast,
                  | but a little less powerful. [potion of mutation]
  1861 | D:2      | Gained mutation: Your mind is acute. (Int +2) [potion of
                  | mutation]
  1877 | D:2      | HP: 1/40 [gnoll/+0 halberd (5)]
  1879 | D:2      | Slain by a gnoll

Levels and vault maps discovered:
D:1:      minmay_arrival_diagonal_passages, layout_basic, cheibriados_altar_1
D:2:      layout_basic, minmay_overflow_temple_star_hex,
          corexii_item_surrounded_by_moat, chequers_serial_rivers_small_b,
          grunt_decor_one_mirror, ebering_dispersal_statue_hall,
          grunt_ministairs_9

Skill      XL: |  1  2  3 |
---------------+----------+-----
Dodging        | 3 |  3.2
Unarmed Combat | 4 |  4.1
Fighting       | |  3.9
Stealth        | |  1.7

Action                   |  1- 3 |  4- 6 || total
-------------------------+-------+-------++-------
Melee: Unarmed           |   129 |    28 ||   157
       Tailslap          |    19 |     7 ||    26
       Punch             |     2 |     2 ||     4
  Use: Potion            |       |     2 ||     2
 Stab: Sleeping          |     1 |     1 ||     2
  Eat: Chunk             |     2 |       ||     2
Armor: Skin              |    50 |     8 ||    58
Dodge: Dodged            |   106 |    47 ||   153

Table legend:
 A = Non-vault XP
 B = Vault XP
 C = Vault XP percentage of total XP
 D = Non-vault monster count
 E = Vault monster count
 F = Vault count percentage of total count
                 A         B        C        D         E       F
            +---------+---------+-------+---------+---------+-------
      Total |     106 |       8 |   7.0 |      41 |       4 |   8.9
            +---------+---------+-------+---------+---------+-------
        D:1 |      75 |       4 |   5.1 |      33 |       2 |   5.7
        D:2 |      31 |       4 |  11.4 |       8 |       2 |  20.0
            +---------+---------+-------+---------+---------+-------
